Map: Lost and Found LE

Players

Sketchaphone

  • Race: Zerg Zerg
  • League: Gold
  • Spawn Location: 7:00

FAiLZOR - Winner!

  • Race: Zerg Zerg
  • League: Platinum
  • Spawn Location: 1:00

VOD

Have the link to the VOD?

Description

Time

  • Played on: Nov. 10, 2018, 4:35 p.m.
  • Length: 4:36
Show
View Real Time Build Order
Export as new Build Order

Sketchaphone Zerg 

Build Orders: Hatch First 

Get SALT Encoding   

  12  0:02  Drone  
  13  0:09  Drone  
  14  0:17  Drone, Extractor  
  15  0:42  Hatchery  
  14  0:53  Spawning Pool  
  13  0:57  Drone  
  13  1:02  Extractor  
  13  1:03  Drone  
  14  1:13  Overlord  
  14  1:21  Extractor  
  14  1:22  Drone  
  15  1:34  Drone x2  
  17  1:41  Queen  
  17  1:43  Zergling x2  
  20  1:51  Overlord  
  20  2:03  Zergling x2  
  20  2:04  Zergling x2  
  22  2:10  Zergling x2  
  23  2:29  Zergling x4  
  24  2:30  Zergling x2, Drone  
  24  2:35  Drone  
  27  2:38  Metabolic Boost  
  27  2:41  Zergling x2  
  23  3:04  Drone  
  23  3:05  Drone x2  
  26  3:09  Spine Crawler, Queen  
  24  3:22  Spine Crawler, Zergling x4  
  21  3:32  Zergling x2  
  17  3:38  Drone x2  
  15  4:07  Drone x2  
  15  4:09  Drone  
  18  4:15  Drone  
  18  4:29  Spine Crawler  
Show
View Real Time Build Order
Export as new Build Order

FAiLZOR Zerg - Winner!

Build Orders: Pool First 

Get SALT Encoding   

  12  0:00  Drone  
  13  0:15  Extractor  
  12  0:24  Spawning Pool  
  12  0:28  Drone  
  12  0:33  Drone  
  13  0:40  Drone  
  14  0:49  Overlord  
  14  1:12  Zergling x6  
  14  1:17  Metabolic Boost  
  17  1:23  Zergling x2  
  18  1:31  Queen  
  20  1:36  Zergling x2  
  21  1:45  Overlord  
  21  2:00  Zergling x2  
  21  2:33  Zergling x6  
  21  2:34  Queen  
  25  2:57  Zergling x2  
  25  2:58  Zergling x2  
  23  3:20  Zergling x4  
  25  3:28  Zergling x2  
  25  3:42  Zergling x6  
  27  4:09  Zergling x2  
  28  4:10  Zergling x4  
  29  4:22  Hatchery  
Tags
 
Matchup
ZvZ
Race
Zerg
Replay Pack
init
Spawn Locations
Cross Positions
Add a new tag
Caveats
  • Supply blocks, unpowered buildings, or Contaminate may cause inaccurate times.
  • Supply counts are checked every 10 seconds.